 Dungeon Crawl Stone Soup version 0.21-a0-221-gfe971b9 (webtiles) character file.

2724 tidbits the Fighter (level 9, -3/126 HPs)
             Began as a Demigod Wanderer on Aug 26, 2017.
             Slain by a killer bee (11 damage)
             ... on level 9 of the Dungeon.
             The game lasted 00:30:06 (2877 turns).

tidbits the Fighter (Demigod Wanderer)              Turns: 2877, Time: 00:30:07

Health: -3/126     AC: 24    Str: 16    XL:     9   Next: 17%
Magic:  13/13      EV:  2    Int: 18    God:
Gold:   58         SH:  0    Dex: 18    Spells: 8/10 levels left

rFire    . . .     SeeInvis .   a - +5 flail (protect)
rCold    . . .     Gourm    .   (no shield)
rNeg     + + +     Faith    .   (armour currently unavailable)
rPois    +         Spirit   .   (helmet currently unavailable)
rElec    .         Reflect  .   (cloak currently unavailable)
rCorr    .         Harm     .   (gloves currently unavailable)
MR       .....     NoTele   +   (boots currently unavailable)
Stlth    ++........             (no amulet)
HPRegen  0.31/turn              W - ring of wizardry
MPRegen  0.13/turn              V - +4 ring of evasion

@: tree-form, hasted, very quick
A: high mp 1
a: no special abilities


You were on level 9 of the Dungeon.
You were not hungry.
You were a tree.
You visited 1 branch of the dungeon, and saw 9 of its levels.
You also visited: Sewer.

You collected 295 gold pieces.
You spent 237 gold pieces at shops.

Inventory:

Hand Weapons
 a - a +5 flail of protection (weapon)
   (You took it off Edmund on level 4 of the Dungeon)
 b - a +0 hand crossbow
 h - a +0 war axe
 r - a +0 dagger
 y - a +0 shortbow
Missiles
 c - 55 bolts
 g - 3 silver javelins (quivered)
 i - 40 arrows
 J - a throwing net {!f}
Armour
 B - a +3 scale mail (melded)
 E - the cursed +0 helmet of Springtime (melded) {rElec MR++}
   (You bought it in a shop on level 6 of the Dungeon)

   It insulates you from electricity.
   It affects your resistance to hostile enchantments.
   It has a curse placed upon it.
 F - a +0 pair of boots (melded)
 G - a +0 pair of gloves (melded)
 H - a +1 helmet
Jewellery
 u - an uncursed ring of flight
   (You found it on level 5 of the Dungeon)
 V - a +4 ring of evasion (right branch)
   (You found it on level 2 of the Dungeon)
 W - a ring of wizardry (left branch)
   (You found it on level 2 of the Dungeon)
Wands
 k - a wand of acid (0/15)
 o - a wand of flame (18/48)
 t - a wand of random effects (0/48)
 z - a wand of scattershot (1/9)
 C - a wand of iceblast (5/15)
 L - a wand of flame (11/48)
 N - a wand of flame (16/48)
 O - a wand of confusion (22/48)
Scrolls
 l - a scroll of fear
 p - a scroll of vulnerability {unknown}
 q - 3 scrolls of teleportation
 s - 3 scrolls of magic mapping
 D - a scroll of torment {unknown}
 I - a scroll of remove curse
 K - a scroll of acquirement {unknown}
 M - a scroll of enchant armour
Potions
 e - a potion of lignification
 v - a potion of agility {unknown}
 A - a potion of haste
Books
 d - Vehumet's Disquisition on Conjuration

   Spells                             Type                      Level
   a - Sting                          Conjuration/Poison           1
   b - Stone Arrow                    Conjuration/Earth            3
 w - a book of Air
   (You found it on level 5 of the Dungeon)

   Spells                             Type                      Level
   a - Shock                          Conjuration/Air              1
   b - Swiftness                      Charms/Air                   2
   c - Static Discharge               Conjuration/Air              3
   d - Airstrike                      Air                          4
   e - Lightning Bolt                 Conjuration/Air              5
 x - a book of Flames
   (You found it on level 5 of the Dungeon)

   Spells                             Type                      Level
   a - Flame Tongue                   Conjuration/Fire             1
   b - Throw Flame                    Conjuration/Fire             2
   c - Conjure Flame                  Conjuration/Fire             3
   d - Inner Flame                    Hexes/Fire                   3
   e - Sticky Flame                   Conjuration/Fire             4
   f - Fireball                       Conjuration/Fire             5
Comestibles
 f - 3 bread rations
 m - 3 meat rations


   Skills:
 + Level 9.5 Fighting
 - Level 1.7 Crossbows
 - Level 1.7 Armour
 - Level 3.6 Dodging
 - Level 1.7 Stealth
 - Level 1.0 Spellcasting
 - Level 3.8 Charms
   Level 1.7 Translocations
 - Level 3.8 Air Magic


You had 8 spell levels left.
You knew the following spells:

 Your Spells              Type           Power        Failure   Level  Hunger
W - Swiftness             Chrm/Air       ##......     2%          2    ###....


Dungeon Overview and Level Annotations

Branches:
Dungeon (9/15)             Temple (0/1) D:5
   Lair: D:8-11         Orc: D:9-12

Shops:
D:6 [((


Innate Abilities, Weirdness & Mutations

You have an increased reservoir of magic. (+10% MP)


Message History

The killer bee goes berserk!
You open the door.
The killer bee looks more energetic.
The killer bee stings you but does no damage.
The queen bee calls on the killer bee to defend it!
The killer bee goes berserk!
You hear an angry buzzing noise.
Found a club.
The killer bee rages.
The killer bee stings you.
* * * LOW HITPOINT WARNING * * *
There is an open door here.
The killer bee rages.
The killer bee misses you.
You hear an angry buzzing noise.
Okay, then.
You turn into a tree.
The cursed +0 helmet of Springtime {rElec MR++} melds into your body.
Your +0 pair of gloves melds into your body.
Your +0 pair of boots melds into your body.
Your +3 scale mail melds into your body.
Your roots penetrate the ground.
The killer bee stings you but does no damage.
The killer bee stings you.
* * * LOW HITPOINT WARNING * * *
The killer bee barely misses you.
Evoke which item? (* to show all) (? for menu, Esc to quit)
Aiming: Corrosive Bolt
Press: ? - help, Shift-Dir - straight line The bolt of acid hits the killer bee.
The killer bee is splashed with acid.
The killer bee is heavily wounded.
The bolt of acid hits the killer bee.
The killer bee is splashed with acid.
The acid corrodes the killer bee!
The killer bee is severely wounded.
The bolt of acid hits the queen bee.
The queen bee is splashed with acid.
The acid corrodes the queen bee!
The queen bee is moderately wounded.
This wand has 4 charges left.
The killer bee stings you but does no damage.
The queen bee calls on the killer bee to defend it!
The killer bee goes berserk!
Unknown command.
Evoke which item? (* to show all) (? for menu, Esc to quit)
Aiming: Corrosive Bolt
Press: ? - help, Shift-Dir - straight line, f - killer bee
Aim: a killer bee The bolt of acid hits the killer bee.
The killer bee is splashed with acid.
The acid corrodes the killer bee!
You kill the killer bee!
Your Fighting skill increases to level 9!
The bolt of acid hits the killer bee.
The killer bee is splashed with acid.
You kill the killer bee!
The bolt of acid misses the killer bee.
This wand has 3 charges left.
The killer bee stings you but does no damage.
Unknown command.
Evoke which item? (* to show all) (? for menu, Esc to quit)
Aiming: Corrosive Bolt
Press: ? - help, Shift-Dir - straight line, f - queen bee, p - killer bee
Aim: a queen bee (moderately wounded, covered in acid)
The bolt of acid misses the killer bee.
The bolt of acid hits the killer bee.
The killer bee is splashed with acid.
The acid corrodes the killer bee!
The killer bee is almost dead.
The bolt of acid hits the queen bee.
The queen bee is splashed with acid.
The acid corrodes the queen bee!
The queen bee is almost dead.
This wand has 2 charges left.
The killer bee stings you but does no damage.
The queen bee calls on the killer bee to defend it!
The killer bee goes berserk!
The queen bee calls on the killer bee to defend it!
The killer bee goes berserk!
Unknown command.
Evoke which item? (* to show all) (? for menu, Esc to quit)
Aiming: Corrosive Bolt
Press: ? - help, Shift-Dir - straight line, f - killer bee, p - queen bee
Aim: a killer bee (severely wounded, berserk, fast, unusually strong)
The bolt of acid hits the killer bee.
The killer bee is splashed with acid.
The acid corrodes the killer bee!
The killer bee is heavily wounded.
The bolt of acid misses the killer bee. x2; This wand has 1 charge left.
The killer bee completely misses you.
The killer bee rages.
The killer bee stings you.
* * * LOW HITPOINT WARNING * * *
Unknown command.
Evoke which item? (* to show all) (? for menu, Esc to quit)
Aiming: Corrosive Bolt
Press: ? - help, Shift-Dir - straight line, p - killer bee The bolt of acid hits the killer bee.
The killer bee is splashed with acid.
You kill the killer bee!
The bolt of acid misses the killer bee.
The bolt of acid hits the queen bee.
The queen bee is splashed with acid.
You kill the queen bee!
This wand has 0 charges left.
The killer bee stings you!
* * * LOW HITPOINT WARNING * * *
The killer bee stings you but does no damage.
Unknown command.
It was a potion of flight.
Your roots keep you in place.
The killer bee rages.
The killer bee stings you!
You die...

....... .......
#..... ##...##
#.....#######
#%##...##....#
#...##....#
#.yy##...y#########
#5..y..5.yy♣.......
#..#.##y.†y##....).#
#..#.####### ......#
......# ......#
.......# #######
......#.# ..?...#.#
#####.


You could see 6 killer bees and a crimson imp.

Vanquished Creatures
  A two-headed ogre (D:6)
  A queen bee (D:9)
  Eustachio (D:4)
  Edmund (D:4)
  A phantom (D:7)
  3 ogres
  2 centaurs
  A bullfrog (D:7)
  A scorpion (D:5)
  4 killer bees (D:9)
  4 wights (D:7)
  4 howler monkeys
  A centaur skeleton (D:5)
  4 hounds
  An orc priest (D:6)
  2 iguanas
  Natasha (twice) (D:3)
  3 orc wizards
  2 hound skeletons
  A howler monkey zombie (D:6)
  3 gnolls (D:3)
  3 adders
  2 oozes
  An adder skeleton (D:4)
  2 worms
  A dart slug (D:2)
  2 leopard geckos
  4 orcs
  5 ball pythons
  4 bats
  5 giant cockroaches
  5 goblins
  A hobgoblin (D:1)
  3 jackals (D:8)
  2 kobolds
  2 quokkas
  3 frilled lizards
  3 rats
91 creatures vanquished.

Notes
Turn   | Place    | Note
-------+----------+-------------------------------------------
     0 | D:1      | tidbits the Demigod Wanderer began the quest for the Orb.
     0 | D:1      | tidbits set off with: a +2 scale mail, a +0 hand crossbow, 23 bolts, Vehumet's Disquisition on Conjuration, a +0 dagger, a bread ration
     0 | D:1      | Reached XP level 1. HP: 16/16 MP: 4/4
     0 | D:1      | Identified Vehumet's Disquisition on Conjuration
   138 | D:1      | Reached skill level 2 in Fighting
   171 | D:2      | Reached XP level 2. HP: 24/24 MP: 5/5
   416 | D:4      | Found a glowing drain.
   435 | D:4      | Noticed Eustachio
   460 | D:4      | Killed Eustachio
   460 | D:4      | Reached skill level 4 in Fighting
   460 | D:4      | Reached XP level 3. HP: 21/34 MP: 6/6
   460 | D:4      | Reached XP level 4. HP: 25/41 MP: 8/8
   460 | D:4      | Reached XP level 5. HP: 29/47 MP: 9/9
   504 | Sewer    | Entered a sewer
   561 | Sewer    | Noticed Multipenetrator's ghost (amateur DDNe)
   608 | D:4      | Found an opulent altar of Gozag.
   642 | D:5      | Entered Level 5 of the Dungeon
   718 | D:3      | Reached skill level 5 in Fighting
   760 | D:3      | Noticed Natasha
   781 | D:3      | Killed Natasha
   804 | D:3      | Found a sparkling altar of Nemelex Xobeh.
   809 | D:3      | Found a shimmering altar of Xom.
   868 | D:3      | Noticed Natasha
   953 | D:3      | Killed Natasha
  1028 | D:6      | Noticed a two-headed ogre
  1047 | D:5      | Reached XP level 6. HP: 57/57 MP: 10/10
  1062 | D:5      | Reached skill level 6 in Fighting
  1319 | D:4      | Noticed Edmund
  1355 | D:4      | Killed Edmund
  1355 | D:4      | Reached skill level 2 in Dodging
  1355 | D:4      | Reached XP level 7. HP: 20/64 MP: 11/11
  1576 | D:5      | Reached skill level 3 in Dodging
  1766 | D:5      | Learned a level 2 spell: Swiftness
  1775 | D:5      | Found a staircase to the Ecumenical Temple.
  1893 | D:6      | Found Wucs's Antique Weapon Emporium.
  1935 | D:6      | Reached skill level 1 in Charms
  1935 | D:6      | Reached skill level 1 in Air Magic
  1964 | D:6      | Found a bloodstained altar of Trog.
  1998 | D:6      | Killed a two-headed ogre
  1998 | D:6      | Reached skill level 3 in Charms
  1998 | D:6      | Reached skill level 3 in Air Magic
  1998 | D:6      | Reached XP level 8. HP: 29/71 MP: 12/12
  2038 | D:6      | Found Duehah's Antique Armour Shoppe.
  2041 | D:6      | Found Qerghit's Antique Weapon Shoppe.
  2128 | D:7      | Reached skill level 7 in Fighting
  2272 | D:7      | Reached skill level 8 in Fighting
  2528 | D:6      | Bought an ancient helmet for 237 gold pieces
  2538 | D:6      | Identified the cursed +0 helmet of Springtime {rElec MR++} (You bought it in a shop on level 6 of the Dungeon)
  2796 | D:8      | Reached XP level 9. HP: 76/82 MP: 13/13
  2863 | D:9      | HP: 8/82 [poisoned by a queen bee]
  2873 | D:9      | Reached skill level 9 in Fighting
  2876 | D:9      | HP: 8/126 [killer bee (8)]
  2877 | D:9      | Slain by a killer bee

Vault maps used:
D:1:      minmay_arrival_stair_chambers, minivault_23
D:2:      uniq_crazy_yiuf_cottage
D:3:      nemelex_xobeh_ov_fountains_minmay, xom_teletrap_fun, uniq_natasha
D:4:      nicolae_gozag_cash_rules_everything_around_me, first_bread,
          cheibrodos_sewer_entry_drain, uniq_eustachio, uniq_edmund
D:5:      minmay_temple_entry_trees
D:6:      old_standard_altar, serial_shops, shop, shop, shop
D:7:      kennysheep_little_box
D:9:      ashenzari_altar_1, nicolae_dithmenos_through_a_glass_darkly,
          minitemple, lair_entry_dummy, serial_shops, nicolae_shop_statue_plus,
          david_nohive_1, hex_tiny, uniq_erolcha
Sewer:    sewer_fruit_machine

Skill      XL: |  1  2  3  4  5  6  7  8  9 |
---------------+----------------------------+-----
Fighting       | 2 4 5 6 8 9 |  9.5
Dodging        | 2 3 |  3.6
Charms         | 3 |  3.8
Air Magic      | 3 |  3.8
Crossbows      | |  1.7
Armour         | |  1.7
Stealth        | |  1.7
Spellcasting   | |  1.0
Translocations | |  1.7

Action                   |  1- 3 |  4- 6 |  7- 9 || total
-------------------------+-------+-------+-------++-------
Melee: Dagger            |     3 |       |       ||     3
       Flail             |       |       |   220 ||   220
 Fire: Hand crossbow     |    67 |   136 |    25 ||   228
Evoke: Wand              |       |       |    13 ||    13
  Use: Potion            |     1 |     1 |     5 ||     7
       Scroll            |       |     7 |     8 ||    15
  Eat: Chunk             |       |     1 |     6 ||     7
Armor: Scale mail        |    11 |    68 |    92 ||   171
       Skin              |       |       |    43 ||    43
Dodge: Dodged            |     8 |   110 |   241 ||   359

Table legend:
 A = Spawn XP
 B = Non-spawn XP
 C = Spawn XP percentage of total XP
 D = Spawn monster count
 E = Non-spawn monster count
 F = Spawn count percentage of total count
 G = Total turns spent on level
                    A         B        C        D         E        F      G
               +---------+---------+-------+---------+---------+-------+---------
         Total |     167 |    3725 |   4.3 |       5 |      86 |   5.5 |  2877
               +---------+---------+-------+---------+---------+-------+---------
           D:1 |       0 |      14 |   0.0 |       0 |       8 |   0.0 |   170
           D:2 |       0 |      12 |   0.0 |       0 |       6 |   0.0 |   198
           D:3 |       0 |     176 |   0.0 |       0 |      10 |   0.0 |   300
           D:4 |       0 |     497 |   0.0 |       0 |      10 |   0.0 |   711
           D:5 |     117 |     371 |  24.0 |       2 |       8 |  20.0 |   412
           D:6 |      50 |    1053 |   4.5 |       3 |      11 |  21.4 |   403
           D:7 |       0 |     759 |   0.0 |       0 |      15 |   0.0 |   297
           D:8 |       0 |     262 |   0.0 |       0 |       6 |   0.0 |   279
           D:9 |       0 |     562 |   0.0 |       0 |       5 |   0.0 |    41
         Sewer |       0 |      19 |   0.0 |       0 |       7 |   0.0 |    66
               +---------+---------+-------+---------+---------+-------+---------

Table legend:
 A = Turns spent in this place as a percentage of turns spent in the entire game.
 B = Non-inter-level travel turns spent in this place as a percentage of non-inter-level travel turns spent in the entire game.
 C = Inter-level travel turns spent in this place as a percentage of turns spent in this place.
 D = Turns resting spent in this place as a percentage of non-inter-level travel turns spent in this place.
 E = Turns spent auto-exploring this place as a percentage of non-inter-level travel turns spent in this place.
 F = Non-inter-level travel turns spent in this place divided by the number of levels of this place that you've seen.
                   A       B       C       D       E      F
               +-------+-------+-------+-------+-------+----------------------
         Total | 100.0 | 100.0 |   1.1 |   0.0 |   0.0 | 284.6
       Dungeon |  97.7 |  97.7 |   1.1 |   0.0 |   0.0 | 308.9
         Sewer |   2.3 |   2.3 |   0.0 |   0.0 |   0.0 |  66.0
               +-------+-------+-------+-------+-------+----------------------

Table legend:
 A = Kills in this place as a percentage of kills in entire the game.
 B = Kills by you in this place as a percentage of kills by you in the entire game.
 C = Kills by friends in this place as a percentage of kills by friends in the entire game.
 D = Other kills in this place as a percentage of other kills in the entire game.
 E = Experience gained in this place as a percentage of experience gained in the entire game.
 F = Experience gained in this place divided by the number of levels of this place that you have seen.
                   A       B       C       D       E      F
               +-------+-------+-------+-------+-------+----------------------
         Total | 100.0 | 100.0 |   N/A |   N/A | 100.0 | 389.2
       Dungeon |  92.3 |  92.3 |   N/A |   N/A |  99.5 | 430.3
         Sewer |   7.7 |   7.7 |   N/A |   N/A |   0.5 |  19.0
               +-------+-------+-------+-------+-------+----------------------

Vault maps used:
D:1:      minmay_arrival_stair_chambers, minivault_23
D:2:      uniq_crazy_yiuf_cottage
D:3:      nemelex_xobeh_ov_fountains_minmay, xom_teletrap_fun, uniq_natasha
D:4:      nicolae_gozag_cash_rules_everything_around_me, first_bread,
          cheibrodos_sewer_entry_drain, uniq_eustachio, uniq_edmund
D:5:      minmay_temple_entry_trees
D:6:      old_standard_altar, serial_shops, shop, shop, shop
D:7:      kennysheep_little_box
D:9:      ashenzari_altar_1, nicolae_dithmenos_through_a_glass_darkly,
          minitemple, lair_entry_dummy, serial_shops, nicolae_shop_statue_plus,
          david_nohive_1, hex_tiny, uniq_erolcha
Sewer:    sewer_fruit_machine
